 Dungeon Crawl Stone Soup version 0.22.1-2-g9c5b331 (webtiles) character file.

22 MalarOregon the Insei (level 2, -2/21 HPs)
             Began as a Merfolk Transmuter on Nov 18, 2018.
             Slain by a kobold
             ... wielding a +0 short sword
              (7 damage)
             ... on level 2 of the Dungeon.
             The game lasted 00:01:34 (846 turns).

MalarOregon the Insei (Merfolk Transmuter)           Turns: 846, Time: 00:01:35

Health: -2/21      AC:  2    Str: 10    XL:     2   Next: 91%
Magic:  5/5        EV: 13    Int: 12    God:
Gold:   35         SH:  0    Dex: 14    Spells: 4/5 levels left

rFire    . . .     SeeInvis .     - Unarmed
rCold    . . .     Gourm    .   (no shield)
rNeg     . . .     Faith    .   b - +0 robe
rPois    .         Spirit   .   (no helmet)
rElec    .         Reflect  .   (no cloak)
rCorr    .         Harm     .   (no gloves)
MR       .....                  (no boots)
Stlth    +.........             (no amulet)
HPRegen  0.07/turn              (no ring)
MPRegen  0.09/turn              (no ring)

@: appendage (expiring)
A: change form in water, swift swim, stealthy swim, horns 2
a: End Transformation


You were on level 2 of the Dungeon.
You were not hungry.
You had grown temporary horns.
You visited 1 branch of the dungeon, and saw 2 of its levels.

You collected 35 gold pieces.

Inventory:

Missiles
 a - 12 arrows
 h - 12 poisoned needles
 i - 19 stones (quivered)
Armour
 b - a +0 robe (worn)
Scrolls
 c - 2 scrolls of identify {unknown}
Potions
 f - a potion of flight {unknown}
 g - a potion of brilliance {unknown}
Comestibles
 e - a ration {!d}


   Skills:
 + Level 1.6 Fighting
 + Level 3.1 Dodging
 + Level 3.5 Unarmed Combat
 + Level 2.2 Spellcasting
 + Level 3.1 Transmutations


You had 4 spell levels left.
You knew the following spells:

 Your Spells              Type           Power        Failure   Level  Hunger
a - Beastly Appendage     Tmut           #.....       8%          1    ##.....

Your spell library contained the following spells:

 Spells                   Type           Power        Failure   Level  Hunger
 Sticks to Snakes         Tmut           #.......     11%         2    ###....
 Spider Form              Tmut/Pois      #.........   38%         3    ####...
 Ice Form                 Ice/Tmut       #.......     80%         4    #####..
 Blade Hands              Tmut           #.........   90%         5    ######.


Dungeon Overview and Level Annotations

Branches:
Dungeon (2/15)

Altars:


Innate Abilities, Weirdness & Mutations

You revert to your normal form in water.
You are very nimble and swift while swimming.
You are very stealthy in the water. (Stealth+)
You have a pair of horns on your head.


Message History

You hit the worm. You headbutt the worm.
Your transformation is almost over.
The worm barely misses you.
You hit the worm.
You kill the worm!
Your horns disappear.
There is a stone staircase leading down here.
You climb downwards.
There is a stone staircase leading up here.
The kobold throws a stone.
The stone closely misses you.
You see here a stone.
Throwing (i - inventory)
i - 23 stones (quivered)
Aim: a kobold, wielding a short sword You throw a stone.
The stone hits the kobold but does no damage.
The kobold throws a stone.
The stone hits you but does no damage.
Throwing (i - inventory)
i - 22 stones (quivered)
Aim: a kobold, wielding a short sword You throw a stone.
The stone barely misses the kobold.
The kobold throws a stone.
The stone closely misses you.
Throwing (i - inventory)
i - 21 stones (quivered)
Aim: a kobold, wielding a short sword You throw a stone.
The stone hits the kobold but does no damage.
Throwing (i - inventory)
i - 20 stones (quivered)
Aim: a kobold, wielding a short sword You throw a stone.
The stone hits the kobold.
You grow a pair of large bovine horns.
You hit the kobold but do no damage.
You headbutt the kobold, but do no damage.
The kobold hits you with a short sword.
You barely miss the kobold. The kobold barely misses you.
You hit the kobold but do no damage. The kobold hits you but does no damage.
You barely miss the kobold.
Your transformation is almost over.
The kobold closely misses you.
You hit the kobold but do no damage. The kobold hits you with a short sword.
You hit the kobold but do no damage. The kobold hits you with a short sword.
You hit the kobold but do no damage. You barely miss the kobold.
Your headbutt misses the kobold. The kobold hits you with a short sword.
You hit the kobold but do no damage. The kobold barely misses you.
You hit the kobold. The kobold hits you with a short sword.
* * * LOW HITPOINT WARNING * * *
You closely miss the kobold. The kobold hits you with a short sword.
* * * LOW HITPOINT WARNING * * *
Here: a kobold, wielding a short sword (severely wounded)
The floor.
You barely miss the kobold. The kobold hits you with a short sword!
You die...

# .# (# #(# ..#
.#########K.###.#
.......<.@......#
##########..#....
..# # ..# ...
.... .#### .#


You could see a kobold.

Vanquished Creatures
  An adder (D:2)
  A worm (D:1)
  A giant cockroach (D:1)
  A hobgoblin (D:1)
  5 bats (D:1)
  A frilled lizard (D:1)
  A rat (D:1)
11 creatures vanquished.

Notes
Turn   | Place    | Note
-------+----------+-------------------------------------------
     0 | D:1      | MalarOregon the Merfolk Transmuter began the quest for the
                  | Orb.
     0 | D:1      | Reached XP level 1. HP: 15/15 MP: 3/3
   145 | D:1      | Reached XP level 2. HP: 18/21 MP: 3/5
   846 | D:2      | Slain by a kobold

Skill      XL: |  1  2 |
---------------+-------+-----
Dodging        | 3 |  3.1
Transmutations | 3 |  3.1
Fighting       | |  1.6
Unarmed Combat | |  3.5
Spellcasting   | |  2.2

Action                   || total
-------------------------++-------
Melee: Unarmed           ||    40
       Headbutt          ||     6
Throw: Stone             ||     4
 Cast: Beastly Appendage ||     9
Armor: Robe              ||     5
Dodge: Dodged            ||    30
